| TOP OF THE 1ST |
|
Omaha Storm Chasers batting - Pitching for Evansville Triplets : RHP Randy Pitts
|
|
Pitching: RHP Randy Pitts
|
|
|
Batting: RHB Jay Schellin
|
0-0: Foul Ball, location: 2F 0-1: Foul Ball, location: 2F 0-2: Ball 1-2: Ball 2-2: Foul Ball, location: 2F 2-2: Foul Ball, location: 2F 2-2: Foul Ball, location: 2F 2-2: Foul Ball, location: 2F 2-2: Foul Ball, location: 2F 2-2: Ball 3-2: DOUBLE (Flyball, 8RXD, EV 111.3 MPH)
|
|
Batting: SHB Rafael Landestoy
|
0-0: Ball 1-0: SINGLE (Line Drive, 6M, EV 106.3 MPH) Jay Schellin to third
|
|
Batting: RHB Don Money
|
0-0: Ball 1-0: Fielders Choice at 2nd, 3-6 (Groundball, 34S, EV 84.4 MPH) Jay Schellin scores
|
|
Batting: LHB Mike LaValliere
|
0-0: Called Strike 0-1: Swinging Strike 0-2: Ball 1-2: Ball 2-2: Ball 3-2: Fly out, F5 (Popup, 5S, EV 73.8 MPH)
|
|
Batting: RHB Eddie Gates
|
0-0: Ground out 6-3 (Groundball, P, EV 92.5 MPH)
|
| Top of the 1st over - 1 run, 2 hits, 0 errors, 1 left on base; Omaha 1 - Evansville 0 |
| BOTTOM OF THE 1ST |
|
Evansville Triplets batting - Pitching for Omaha Storm Chasers : LHP Brad Havens
|
|
Pitching: LHP Brad Havens
|
|
|
Batting: LHB Greg Gross
|
0-0: Ball 1-0: Called Strike 1-1: Foul Ball, location: 2F 1-2: Ground out U3 (Groundball, 3, EV 94.4 MPH)
|
|
Batting: RHB Cory Mihalic
|
0-0: Ball 1-0: Foul Ball, location: 2F 1-1: Foul Ball, location: 2F 1-2: Foul Ball, location: 2F 1-2: Ball 2-2: Strikes out looking
|
|
Batting: RHB Richard Bass
|
0-0: Called Strike 0-1: Ball 1-1: Ball 2-1: Foul Ball, location: 2F 2-2: Ball 3-2: Base on Balls
|
|
Batting: RHB Ron Kittle
|
0-0: Ball 1-0: Ball Wild Pitch! Richard Bass to second 2-0: Called Strike 2-1: Ground out 4-3 (Groundball, 34, EV 107.5 MPH)
|
| Bottom of the 1st over - 0 runs, 0 hits, 0 errors, 1 left on base; Omaha 1 - Evansville 0 |
| TOP OF THE 2ND |
|
Omaha Storm Chasers batting - Pitching for Evansville Triplets : RHP Randy Pitts
|
|
Batting: LHB Donald Elliott
|
0-0: Ball 1-0: Called Strike 1-1: Called Strike 1-2: Ground out 4-3 (Groundball, 4, EV 90.6 MPH)
|
|
Batting: SHB Larry Bowa
|
0-0: SINGLE (Line Drive, 9S, EV 99.4 MPH)
|
|
Batting: RHB Mike Allport
|
0-0: Called Strike 0-1: Swinging Strike 0-2: Ball 1-2: Ball 2-2: Grounds into double play, 5-4-3 (Groundball, 56S, EV 86.9 MPH)
|
| Top of the 2nd over - 0 runs, 1 hit, 0 errors, 0 left on base; Omaha 1 - Evansville 0 |
| BOTTOM OF THE 2ND |
|
Evansville Triplets batting - Pitching for Omaha Storm Chasers : LHP Brad Havens
|
|
Batting: SHB Mickey Tettleton
|
0-0: Ball 1-0: Foul Ball, location: 2F 1-1: Ground out 3-1 (Groundball, 34S, EV 81.9 MPH)
|
|
Batting: RHB Mike Allen
|
0-0: Called Strike 0-1: Foul Ball, location: 2F 0-2: Ball 1-2: Fly out, F8 (Flyball, 78D, EV 93.1 MPH)
|
|
Batting: LHB Luis Alfaro
|
0-0: Ball 1-0: Ball 2-0: Called Strike 2-1: Ball 3-1: Called Strike 3-2: Ground out 1-3 (Groundball, 34S, EV 65.6 MPH)
|
| Bottom of the 2nd over - 0 runs, 0 hits, 0 errors, 0 left on base; Omaha 1 - Evansville 0 |
| TOP OF THE 3RD |
|
Omaha Storm Chasers batting - Pitching for Evansville Triplets : RHP Randy Pitts
|
|
Batting: RHB Odie Davis
|
0-0: Ground out 4-3 (Groundball, 4M, EV 77.5 MPH)
|
|
Batting: RHB Jay Schellin
|
0-0: Called Strike 0-1: Ball 1-1: Foul Ball, location: 2F 1-2: Ball 2-2: Ball 3-2: Fly out, F8 (Flyball, 8LD, EV 78.8 MPH)
|
|
Batting: SHB Rafael Landestoy
|
0-0: Foul Ball, location: 2F 0-1: Ball 1-1: Ball 2-1: Swinging Strike 2-2: Foul Ball, location: 2F 2-2: Ball 3-2: Ground out U3 (Groundball, 34, EV 83.8 MPH)
|
| Top of the 3rd over - 0 runs, 0 hits, 0 errors, 0 left on base; Omaha 1 - Evansville 0 |
| BOTTOM OF THE 3RD |
|
Evansville Triplets batting - Pitching for Omaha Storm Chasers : LHP Brad Havens
|
|
Batting: RHB Jaden Smith
|
0-0: Foul Ball, location: 2F 0-1: Ball 1-1: Called Strike 1-2: Ball 2-2: Foul Ball, location: 2F 2-2: Fly out, F9 (Flyball, 9LM, EV 93.1 MPH)
|
|
Batting: RHB Ed Jurak
|
0-0: Called Strike 0-1: Swinging Strike 0-2: Foul Ball, location: 2F 0-2: Ball 1-2: Ground out 6-3 (Groundball, 6, EV 88.8 MPH)
|
|
Batting: LHB Greg Gross
|
0-0: Ball 1-0: Foul Ball, location: 2F 1-1: Ball 2-1: Called Strike 2-2: Ball 3-2: SINGLE (Flyball, 7S, EV 97.5 MPH)
|
|
Batting: RHB Cory Mihalic
|
0-0: Called Strike 0-1: Foul Ball, location: 2F 0-2: Ground out 5-3 (Groundball, 56, EV 87.5 MPH)
|
| Bottom of the 3rd over - 0 runs, 1 hit, 0 errors, 1 left on base; Omaha 1 - Evansville 0 |
| TOP OF THE 4TH |
|
Omaha Storm Chasers batting - Pitching for Evansville Triplets : RHP Randy Pitts
|
|
Batting: RHB Don Money
|
0-0: Ground out 4-3 (Groundball, 4, EV 96.9 MPH)
|
|
Batting: LHB Mike LaValliere
|
0-0: Foul Ball, location: 2F 0-1: Swinging Strike 0-2: Ball 1-2: Ball 2-2: Ball 3-2: Base on Balls
|
|
Batting: RHB Eddie Gates
|
0-0: Called Strike 0-1: Called Strike 0-2: Strikes out swinging
|
|
Batting: LHB Donald Elliott
|
0-0: Ball 1-0: Swinging Strike 1-1: Ball 2-1: Foul Ball, location: 2F 2-2: Ball 3-2: Reached on error, E5 (Groundball, 56, EV 110.0 MPH) Mike LaValliere to second
|
|
Batting: SHB Larry Bowa
|
0-0: Ball 1-0: Called Strike 1-1: Ground out U3 (Groundball, 3L, EV 85.6 MPH)
|
| Top of the 4th over - 0 runs, 0 hits, 1 error, 2 left on base; Omaha 1 - Evansville 0 |
| BOTTOM OF THE 4TH |
|
Evansville Triplets batting - Pitching for Omaha Storm Chasers : LHP Brad Havens
|
|
Batting: RHB Richard Bass
|
0-0: DOUBLE (Flyball, 89XD, EV 107.5 MPH)
|
|
Batting: RHB Ron Kittle
|
0-0: Ball 1-0: Ball 2-0: Called Strike 2-1: Fly out, F7 (Flyball, 78D, EV 95.0 MPH)
|
|
Batting: SHB Mickey Tettleton
|
0-0: SINGLE (Groundball, 6D, EV 102.5 MPH) Richard Bass to third Runner from 3rd tries for Home, SAFE, throw by CF to home Mickey Tettleton to second
|
|
Batting: RHB Mike Allen
|
0-0: DOUBLE (Line Drive, 89M, EV 87.5 MPH) Mickey Tettleton scores
|
|
Batting: LHB Luis Alfaro
|
0-0: Called Strike 0-1: Ball 1-1: Fly out, F8 (Flyball, 8LD, EV 90.6 MPH) Runner from 2nd tags up, SAFE at 3rd with throw by CF
|
|
Batting: RHB Jaden Smith
|
0-0: Ball 1-0: Ball 2-0: Ball 3-0: Called Strike 3-1: Fly out, F8 (Flyball, 8RXD, EV 100.6 MPH)
|
| Bottom of the 4th over - 2 runs, 3 hits, 0 errors, 1 left on base; Omaha 1 - Evansville 2 |
| TOP OF THE 5TH |
|
Omaha Storm Chasers batting - Pitching for Evansville Triplets : RHP Randy Pitts
|
|
Batting: RHB Mike Allport
|
0-0: Ball 1-0: Called Strike 1-1: Ball 2-1: Foul Ball, location: 2F 2-2: Strikes out looking
|
|
Batting: RHB Odie Davis
|
0-0: Called Strike 0-1: Called Strike 0-2: Foul Ball, location: 2F 0-2: Ball 1-2: Fly out, F8 (Flyball, 8RD, EV 93.1 MPH)
|
|
Batting: RHB Jay Schellin
|
0-0: Ball 1-0: Ball 2-0: Called Strike 2-1: Foul Ball, location: 2F 2-2: Foul Ball, location: 2F 2-2: Strikes out swinging
|
| Top of the 5th over - 0 runs, 0 hits, 0 errors, 0 left on base; Omaha 1 - Evansville 2 |
| BOTTOM OF THE 5TH |
|
Evansville Triplets batting - Pitching for Omaha Storm Chasers : LHP Brad Havens
|
|
Batting: RHB Ed Jurak
|
0-0: Ball 1-0: Swinging Strike 1-1: DOUBLE (Line Drive, 5D, EV 106.9 MPH)
|
|
Batting: LHB Greg Gross
|
0-0: Foul Ball, location: 2F 0-1: Ball 1-1: Ball 2-1: Ground out 6-3 (Groundball, 6S, EV 85.0 MPH)
|
|
Batting: RHB Cory Mihalic
|
0-0: Intentional Walk
|
|
Batting: RHB Richard Bass
|
0-0: Ball 1-0: Called Strike 1-1: Ball 2-1: SINGLE (Groundball, 56D, EV 96.3 MPH) Ed Jurak to third Cory Mihalic to second Runner from 3rd tries for Home, SAFE, throw by LF to home
|
|
Batting: RHB Ron Kittle
|
0-0: Called Strike 0-1: Foul Ball, location: 2F 0-2: Foul Ball, location: 2F 0-2: Ball 1-2: Ball 2-2: Fly out, F8 (Flyball, 89D, EV 101.9 MPH) Runner from 2nd tags up, SAFE at 3rd, no throw by CF
|
|
Batting: SHB Mickey Tettleton
|
0-0: Called Strike 0-1: Fly out, F7 (Flyball, 78M, EV 88.1 MPH)
|
| Bottom of the 5th over - 1 run, 2 hits, 0 errors, 2 left on base; Omaha 1 - Evansville 3 |
| TOP OF THE 6TH |
|
Omaha Storm Chasers batting - Pitching for Evansville Triplets : RHP Randy Pitts
|
|
Batting: SHB Rafael Landestoy
|
0-0: Ground out 4-3 (Groundball, 4D, EV 108.1 MPH)
|
|
Batting: RHB Don Money
|
0-0: Ball 1-0: Foul Ball, location: 2F 1-1: Ball 2-1: Called Strike 2-2: Fly out, F7 (Flyball, 7LM, EV 100.0 MPH)
|
|
Batting: LHB Mike LaValliere
|
0-0: Called Strike 0-1: Ground out 6-3 (Groundball, 56, EV 104.4 MPH)
|
| Top of the 6th over - 0 runs, 0 hits, 0 errors, 0 left on base; Omaha 1 - Evansville 3 |
| BOTTOM OF THE 6TH |
|
Evansville Triplets batting - Pitching for Omaha Storm Chasers : LHP Brad Havens
|
|
Batting: RHB Mike Allen
|
0-0: Ball 1-0: Ball 2-0: Ground out 5-3 (Groundball, 25, EV 88.1 MPH)
|
|
Batting: LHB Luis Alfaro
|
0-0: Ball 1-0: Called Strike 1-1: Ground out 4-3 (Groundball, 4, EV 90.0 MPH)
|
|
Batting: RHB Jaden Smith
|
0-0: Ball 1-0: Ball 2-0: Swinging Strike 2-1: Ball 3-1: Ground out 6-3 (Groundball, 56D, EV 106.9 MPH)
|
| Bottom of the 6th over - 0 runs, 0 hits, 0 errors, 0 left on base; Omaha 1 - Evansville 3 |
| TOP OF THE 7TH |
|
Omaha Storm Chasers batting - Pitching for Evansville Triplets : RHP Randy Pitts
|
|
Batting: RHB Eddie Gates
|
0-0: Ball 1-0: Foul Ball, location: 2F 1-1: Ball 2-1: Foul Ball, location: 2F 2-2: Foul Ball, location: 2F 2-2: Ball 3-2: Strikes out swinging
|
|
Batting: LHB Donald Elliott
|
0-0: Called Strike 0-1: Ball 1-1: Ball 2-1: Foul Ball, location: 2F 2-2: Foul Ball, location: 2F 2-2: SINGLE (Groundball, 4MD, EV 98.1 MPH)
|
|
Pitching: RHP Gordie Pladson
|
|
|
Batting: SHB Larry Bowa
|
0-0: Ball 1-0: Called Strike 1-1: Swinging Strike 1-2: Foul Ball, location: 2F 1-2: Ball 2-2: Strikes out swinging
|
|
Batting: RHB Mike Allport
|
0-0: Ball 1-0: Ball 2-0: Ball 3-0: Base on Balls Donald Elliott to second
|
|
Batting: RHB Odie Davis
|
0-0: Ball 1-0: Ball 2-0: Fly out, F3 (Popup, 3, EV 68.8 MPH)
|
| Top of the 7th over - 0 runs, 1 hit, 0 errors, 2 left on base; Omaha 1 - Evansville 3 |
| BOTTOM OF THE 7TH |
|
Evansville Triplets batting - Pitching for Omaha Storm Chasers : LHP Brad Havens
|
|
Batting: RHB Ed Jurak
|
0-0: Ball 1-0: Ground out 4-3 (Groundball, 4, EV 92.5 MPH)
|
|
Batting: LHB Greg Gross
|
0-0: Called Strike 0-1: Ball 1-1: Swinging Strike 1-2: Fly out, F9 (Flyball, 89D, EV 88.8 MPH)
|
|
Batting: RHB Cory Mihalic
|
0-0: Ball 1-0: Ball 2-0: Called Strike 2-1: Fly out, F8 (Flyball, 8RXD, EV 81.3 MPH)
|
| Bottom of the 7th over - 0 runs, 0 hits, 0 errors, 0 left on base; Omaha 1 - Evansville 3 |
| TOP OF THE 8TH |
|
Omaha Storm Chasers batting - Pitching for Evansville Triplets : RHP Gordie Pladson
|
|
Pitching: LHP Randy Niemann
|
|
|
Batting: RHB Jay Schellin
|
0-0: Called Strike 0-1: Ball 1-1: Ball 2-1: Swinging Strike 2-2: SINGLE (Groundball, 34D, EV 94.4 MPH)
|
|
Batting: SHB Rafael Landestoy
|
0-0: SINGLE (Groundball, 6M, EV 83.8 MPH) (infield hit) Jay Schellin to second
|
|
Batting: RHB Don Money
|
0-0: Ball 1-0: Ball 2-0: Ball 3-0: Base on Balls Jay Schellin to third Rafael Landestoy to second
|
|
Batting: LHB Mike LaValliere
|
0-0: Ball 1-0: DOUBLE (Line Drive, 7LS, EV 108.1 MPH) Jay Schellin scores Rafael Landestoy scores Don Money to third
|
|
Batting: RHB Eddie Gates
|
0-0: Intentional Walk
|
|
Batting: LHB Donald Elliott
|
0-0: Called Strike 0-1: SINGLE (Groundball, 4MD, EV 110.0 MPH) Don Money scores Mike LaValliere to third Eddie Gates to second Runner from 3rd tries for Home, SAFE, throw by CF to home
|
|
Pitching: RHP Geoff Combe
|
|
|
Batting: SHB Larry Bowa
|
0-0: Called Strike 0-1: Foul Ball, location: 2F 0-2: Ball 1-2: Foul Ball, location: 2F 1-2: Foul Ball, location: 2F 1-2: Ball 2-2: Ball 3-2: Foul Ball, location: 2F 3-2: Fielders Choice at 2nd, 1-6 (Groundball, 34S, EV 67.5 MPH) Eddie Gates to third
|
|
Batting: RHB Mike Allport
|
0-0: Called Strike 0-1: Fly out, F4 (Line Drive, 4, EV 60.0 MPH)
|
|
Batting: RHB Odie Davis
|
0-0: Fly out, F8 (Flyball, 8RS, EV 95.0 MPH)
|
| Top of the 8th over - 4 runs, 4 hits, 0 errors, 2 left on base; Omaha 5 - Evansville 3 |
| BOTTOM OF THE 8TH |
|
Evansville Triplets batting - Pitching for Omaha Storm Chasers : LHP Brad Havens
|
|
Batting: RHB Richard Bass
|
0-0: Called Strike 0-1: Ball 1-1: Called Strike 1-2: Fly out, F4 (Flyball, 34D, EV 85.6 MPH)
|
|
Batting: RHB Ron Kittle
|
0-0: Ball 1-0: Ball 2-0: Fly out, F9 (Line Drive, 9D, EV 86.3 MPH)
|
|
Batting: SHB Mickey Tettleton
|
0-0: Foul Ball, location: 2F 0-1: Fly out, F8 (Flyball, 8RD, EV 101.9 MPH)
|
| Bottom of the 8th over - 0 runs, 0 hits, 0 errors, 0 left on base; Omaha 5 - Evansville 3 |
| TOP OF THE 9TH |
|
Omaha Storm Chasers batting - Pitching for Evansville Triplets : RHP Geoff Combe
|
|
Batting: RHB Jay Schellin
|
0-0: Ball 1-0: Called Strike 1-1: Ball 2-1: Foul Ball, location: 2F 2-2: Foul Ball, location: 2F 2-2: Foul Ball, location: 2F 2-2: Foul Ball, location: 2F 2-2: Foul Ball, location: 2F 2-2: Foul Ball, location: 2F 2-2: Ball 3-2: Foul Ball, location: 2F 3-2: Foul Ball, location: 2F 3-2: Foul Ball, location: 2F 3-2: Ground out 1-3 (Groundball, 13, EV 70.6 MPH)
|
|
Batting: SHB Rafael Landestoy
|
0-0: Ball 1-0: Ground out 4-3 (Groundball, 4, EV 95.6 MPH)
|
|
Batting: RHB Don Money
|
0-0: Ball 1-0: Swinging Strike 1-1: Fly out, F8 (Flyball, 8LXD, EV 100.6 MPH)
|
| Top of the 9th over - 0 runs, 0 hits, 0 errors, 0 left on base; Omaha 5 - Evansville 3 |
| BOTTOM OF THE 9TH |
|
Evansville Triplets batting - Pitching for Omaha Storm Chasers : LHP Brad Havens
|
|
Batting: RHB Mike Allen
|
0-0: Ball 1-0: Ball 2-0: Called Strike 2-1: DOUBLE (Line Drive, 7LM, EV 105.0 MPH)
|
|
Pinch Hitting: RHB Ed Putman
|
0-0: Ball 1-0: Foul Ball, location: 2F 1-1: Ball 2-1: Ball 3-1: Swinging Strike 3-2: Base on Balls
|
|
Batting: RHB Jaden Smith
|
0-0: Called Strike 0-1: Ball 1-1: Called Strike 1-2: Strikes out swinging
|
|
Batting: RHB Ed Jurak
|
0-0: Ball 1-0: Fly out, F8 (Flyball, 8RD, EV 80.0 MPH)
|
|
Batting: LHB Greg Gross
|
0-0: Foul Ball, location: 2F 0-1: Foul Ball, location: 2F 0-2: Ground out U3 (Groundball, 3, EV 86.3 MPH)
|
| Bottom of the 9th over - 0 runs, 1 hit, 0 errors, 2 left on base; Omaha 5 - Evansville 3 |
|